 Dungeon Crawl Stone Soup version 0.28.0 (webtiles) character file.

Game seed: 5591959558478620019

311 raph the Firebug (level 6, -4/33 HPs)
             Began as a Deep Elf Fire Elementalist on Feb 14, 2022.
             Was an Initiate of Hepliaklqana.
             Slain by an orc priest (6 damage)
             ... on level 4 of the Dungeon.
             The game lasted 00:05:34 (4009 turns).

raph the Firebug (Deep Elf Fire Elementalist)       Turns: 4009, Time: 00:05:35

Health: -4/33      AC:  5    Str:  5    XL:     6   Next: 18%
Magic:  6/13       EV: 17    Int: 22    God:    Hepliaklqana [......]
Gold:   138        SH:  0    Dex: 15    Spells: 2/11 levels left

rFire   . . .      SeeInvis .   m - +1 dagger (flame)
rCold   + . .      Faith    .   (no shield)
rNeg    . . .      Spirit   .   a - +0 robe
rPois   .          Reflect  .   k - +2 hat
rElec   .          Harm     .   (no cloak)
rCorr   .          Rampage  .   n - +0 pair of gloves
Will    .....                   (no boots)
Stlth   ++........              (no amulet)
HPRegen 0.11/turn               c - ring of protection from cold
MPRegen 0.13/turn               h - +4 ring of evasion

@: no status effects
A: no striking features
a: Renounce Religion


You were on level 4 of the Dungeon.
You worshipped Hepliaklqana.
Hepliaklqana was noncommittal.
You visited 1 branch of the dungeon, and saw 4 of its levels.

You collected 138 gold pieces.

Inventory:

Hand Weapons
 d - a +0 dagger
 m - a +1 dagger of flaming (weapon)
Armour
 a - a +0 robe (worn)
 k - a +2 hat (worn)
 n - a +0 pair of gloves (worn)
Jewellery
 c - a ring of protection from cold (left hand)
 h - a +4 ring of evasion (right hand)
 i - a ring of flight
Wands
 l - a wand of polymorph (6)
Scrolls
 b - a scroll of teleportation
 f - 2 scrolls of fog
Potions
 e - 3 potions of curing
 g - 2 potions of resistance
 j - a potion of heal wounds


   Skills:
 + Level 0.7 Fighting
 + Level 2.9 Dodging
 - Level 2.4 Stealth
 + Level 3.4 Spellcasting
 + Level 1.7 Conjurations
 + Level 7.0 Fire Magic


You had 2 spell levels left.
You knew the following spells:

 Your Spells              Type           Power      Damage    Failure   Level
a - Foxfire               Conj/Fire      92%        2x1d8     1%          1
b - Scorch                Fire           68%        2d8       1%          2
c - Conjure Flame         Conj/Fire      23%        6-21      6%          3
d - Inner Flame           Hex/Fire       19%        N/A       9%          3

Your spell library contained the following spells:

 Spells                   Type           Power      Damage    Failure   Level
 Flame Wave               Conj/Fire      23%        2d7       19%         4
 Tukima's Dance           Hex            3%         N/A       34%         3
 Anguish                  Hex/Necr       1%         N/A       75%         4
 Passage of Golubria      Tloc           3%         N/A       75%         4
 Yara's Violent Unravell  Hex/Tmut       1%         3d3       97%         5
 Enfeeble                 Hex            1%         N/A       100%        7


Dungeon Overview and Level Annotations

Branches:
Dungeon (4/15)
 Temple: D:4-7

Altars:
Hepliaklqana
Uskayaw

Shops:
D:4 =


Message History

Deactivating autopickup; reactivate with Ctrl-A.
Casting: Foxfire (safe; 1% risk of failure)
Confirm with . or Enter, or press ? or * to list all spells.
You conjure some foxfire!
The foxfire hits the orc but does no damage. x2
Something tries to affect you, but you resist.
Casting: Foxfire (safe; 1% risk of failure)
Confirm with . or Enter, or press ? or * to list all spells.
You conjure some foxfire!
The foxfire hits the orc.
The orc is moderately wounded.
The foxfire hits the orc.
You kill the orc!
The orc priest calls down the wrath of Beogh upon you.
Beogh smites you!
Ouch! That really hurt!
Casting: Foxfire (safe; 1% risk of failure)
Confirm with . or Enter, or press ? or * to list all spells.
You conjure some foxfire!
The foxfire hits the orc priest but does no damage.
The foxfire hits the orc priest.
The orc priest is lightly wounded.
The foxfire hits the orc.
The orc is lightly wounded.
Casting: Foxfire (safe; 1% risk of failure)
Confirm with . or Enter, or press ? or * to list all spells.
You conjure some foxfire!
The foxfire hits the orc but does no damage.
The orc is lightly wounded.
The orc priest hits you with a +0 mace!
* * * LOW HITPOINT WARNING * * *
Casting: Foxfire (safe; 1% risk of failure)
Confirm with . or Enter, or press ? or * to list all spells.
You conjure some foxfire!
The foxfire hits the orc priest!
The orc priest is severely wounded.
The foxfire hits the orc priest but does no damage.
The orc priest is severely wounded.
The orc hits you with a +0 short sword.
* * * LOW HITPOINT WARNING * * *
The orc priest hits you with a +0 mace.
You die...

..##.#.........#.#
.....#[.########.#
........# #.#
...####.# #.# ...#
#.# #.#
...####'#**** #.#
.........,,,* #.#
.........,,,*###v###
..........,,*#.v@..#
..........,,*#.oo..#
........,,,.....)..#
........,..........#
........,..........#
......).,...##.....#
........,...*#.....#
...#####*##**#.....#
...# *,,,,,*


You could see an orc priest (ally target) and an orc (ally target).

Vanquished Creatures
  A scorpion (D:2)
  2 orc priests (D:4)
  An orc wizard (D:3)
  An iguana (D:4)
  A hound skeleton (D:4)
  Robin (D:2)
  5 adders
  A worm (D:2)
  2 dart slugs (D:2)
  9 orcs
  4 ball pythons
  5 endoplasms
  11 goblins
  5 hobgoblins
  3 jackals (D:1)
  4 kobolds
  A quokka (D:1)
  A bat (D:1)
  3 frilled lizards
  3 rats (D:2)
  A spectral hobgoblin (D:3)
65 creatures vanquished.

Vanquished Creatures (others)
  262 foxfires
262 creatures vanquished.

Grand Total: 327 creatures vanquished

Notes
Turn   | Place    | Note
-------+----------+-------------------------------------------
     0 | D:1      | raph the Deep Elf Fire Elementalist began the quest for the
                  | Orb.
     0 | D:1      | Reached XP level 1. HP: 10/10 MP: 6/6
   372 | D:1      | Reached XP level 2. HP: 15/15 MP: 4/8
   418 | D:1      | Reached skill level 4 in Fire Magic
   496 | D:1      | Found a faded altar of an unknown god.
   788 | D:2      | Noticed a scorpion
   800 | D:2      | Killed a scorpion
   801 | D:2      | Reached skill level 5 in Fire Magic
   801 | D:2      | Reached XP level 3. HP: 19/19 MP: 1/9
   801 | D:2      | Reached XP level 4. HP: 24/24 MP: 1/10
   804 | D:2      | Learned a level 2 spell: Scorch
  1070 | D:2      | Reached skill level 6 in Fire Magic
  1340 | D:2      | You are sucked into a shaft and drop 1 floor!
  1623 | D:3      | Reached XP level 5. HP: 28/28 MP: 4/11
  1687 | D:2      | Learned a level 3 spell: Conjure Flame
  1789 | D:2      | Noticed Robin
  1909 | D:2      | Killed Robin
  2574 | D:3      | Found a hide-covered altar of Uskayaw.
  2985 | D:3      | Found a hazy altar of Hepliaklqana.
  2998 | D:3      | Became a worshipper of Hepliaklqana the Forgotten
  3225 | D:3      | Learned a level 3 spell: Inner Flame
  3633 | D:4      | Reached skill level 7 in Fire Magic
  3633 | D:4      | Reached XP level 6. HP: 32/33 MP: 3/12
  3708 | D:4      | Found Dekhoyph's Jewellery Emporium.
  4009 | D:4      | Slain by an orc priest

Illustrated notes

Levels and vault maps discovered:
D:1:      eino_arrival_water_cross, layout_rooms,
          shapermc_ecumenical_altar_mp_vishouse
D:2:      layout_loops_ring, uniq_robin
D:3:      layout_basic, nicolae_uskayaw_dance_hall,
          nicolae_hepliaklqana_monster_ancestors
D:4:      layout_basic, yredelemnul_forgotten_temple_becter, serial_shops,
          nicolae_shop_behind_doors

Skill      XL: |  1  2  3  4  5 |
---------------+----------------+-----
Fire Magic     | 5 6 7 |  7.0
Fighting       | |  0.7
Dodging        | |  2.9
Stealth        | |  2.4
Spellcasting   | |  3.4
Conjurations   | |  1.7

Action                   |  1- 3 |  4- 6 || total
-------------------------+-------+-------++-------
Melee: Unarmed           |     1 |       ||     1
       Dagger            |       |    13 ||    13
 Cast: Foxfire           |    34 |   126 ||   160
  Use: Scroll            |       |    10 ||    10
 Stab: Sleeping          |       |     1 ||     1
Armor: Robe              |     3 |     6 ||     9
Dodge: Dodged            |    11 |    27 ||    38
